Map: Proxima Station LE

Players

Gauss - Winner!

  • Race: Protoss Protoss
  • Spawn Location: 1:00

Matrix

  • Race: Protoss Protoss
  • Spawn Location: 7:00

Event: IEM XI Katowice - World Championship 2017

VOD

Have the link to the VOD?

Description

Time

  • Played on: Feb. 27, 2017, 5 a.m.
  • Length: 7:10

All games in this series

Show
View Real Time Build Order
Export as new Build Order

Gauss Protoss - Winner!

Build Orders: Phoenix Opening 

Get SALT Encoding   

  12  0:00  Probe (Chrono Boost)  
  13  0:11  Probe (Chrono Boost)  
  14  0:17  Pylon  
  14  0:22  Probe (Chrono Boost)  
  16  0:36  Probe (Chrono Boost)  
  16  0:38  Gateway  
  16  0:46  Probe (Chrono Boost)  
  16  0:48  Assimilator  
  17  0:57  Assimilator, Probe (Chrono Boost)  
  18  1:07  Probe (Chrono Boost)  
  19  1:14  Gateway  
  19  1:20  Probe (Chrono Boost)  
  20  1:26  Cybernetics Core  
  20  1:32  Probe (Chrono Boost)  
  21  1:42  Probe (Chrono Boost)  
  22  1:53  Probe (Chrono Boost)  
  23  1:54  Warp Gate  
  23  1:56  Pylon  
  23  2:13  Adept x2  
  29  2:18  Mothership Core (Chrono Boost)  
  29  2:25  Pylon  
  30  2:37  Probe (Chrono Boost)  
  30  2:46  Nexus  
  30  2:55  Stalker  
  32  3:04  Stargate  
  32  3:14  Pylon  
  32  3:23  Probe (Chrono Boost)  
  34  3:35  Probe (Chrono Boost)  
  34  3:40  Pylon  
  34  3:47  Probe (Chrono Boost)  
  34  3:48  Phoenix  
  33  3:59  Probe x2 (Chrono Boost)  
  35  4:09  Phoenix  
  36  4:10  Probe (Chrono Boost)  
  36  4:11  Probe (Chrono Boost)  
  36  4:14  Robotics Facility  
  39  4:18  Sentry  
  39  4:20  Probe (Chrono Boost)  
  39  4:23  Probe (Chrono Boost)  
  43  4:31  Phoenix  
  43  4:36  Pylon  
  45  4:41  Probe (Chrono Boost)  
  45  4:42  Probe (Chrono Boost)  
  47  4:46  Stalker  
  47  4:47  Stalker  
  51  4:56  Phoenix  
  53  5:02  Probe (Chrono Boost)  
  53  5:04  Probe (Chrono Boost)  
  53  5:06  Gateway  
  55  5:08  Gateway  
  55  5:15  Probe (Chrono Boost)  
  55  5:16  Probe (Chrono Boost)  
  55  5:18  Phoenix  
  57  5:23  Pylon  
  56  5:37  Zealot, Sentry  
  56  5:40  Probe (Chrono Boost)  
  56  5:41  Probe (Chrono Boost)  
  60  5:52  Forge  
  60  5:59  Sentry  
  60  6:00  Zealot  
  56  6:16  Stalker  
  54  6:20  Stalker  
  54  6:26  Stalker  
  54  6:27  Zealot  
  54  6:40  Zealot  
  54  6:44  Zealot  
  54  6:45  Probe (Chrono Boost)  
  58  6:47  Probe (Chrono Boost), Photon Cannon  
  58  6:50  Pylon  
  58  6:51  Zealot x2, Pylon  
  62  7:04  Pylon  
  62  7:06  Assimilator, Pylon  
  62  7:09  Assimilator  
Show
View Real Time Build Order
Export as new Build Order

Matrix Protoss 

Build Orders:  

Get SALT Encoding   

  12  0:00  Probe (Chrono Boost)  
  13  0:11  Probe (Chrono Boost)  
  14  0:18  Pylon  
  14  0:22  Probe (Chrono Boost)  
  15  0:36  Probe (Chrono Boost)  
  15  0:38  Gateway  
  16  0:44  Assimilator  
  16  0:47  Probe (Chrono Boost)  
  17  0:53  Assimilator  
  17  0:57  Probe (Chrono Boost)  
  18  1:07  Gateway  
  18  1:10  Probe (Chrono Boost)  
  19  1:23  Probe (Chrono Boost)  
  20  1:29  Cybernetics Core  
  20  1:34  Probe (Chrono Boost)  
  21  1:44  Probe (Chrono Boost)  
  22  1:52  Pylon  
  22  1:55  Probe (Chrono Boost)  
  23  2:08  Warp Gate  
  23  2:10  Adept x2, Probe (Chrono Boost)  
  28  2:21  Mothership Core (Chrono Boost)  
  30  2:27  Gateway  
  30  2:37  Gateway  
  30  2:40  Probe (Chrono Boost)  
  31  2:59  Pylon  
  31  3:17  Stalker x2  
  31  3:18  Probe (Chrono Boost)  
  34  3:24  Stalker  
  34  3:25  Stalker  
  30  3:37  Probe (Chrono Boost)  
  29  3:48  Probe (Chrono Boost)  
  30  3:51  Stalker x2  
  34  3:58  Probe (Chrono Boost)  
  35  4:09  Probe (Chrono Boost)  
  36  4:24  Pylon  
  36  4:25  Probe (Chrono Boost)  
  37  4:36  Probe (Chrono Boost)  
  32  4:53  Pylon  
  32  5:01  Stalker x2  
  32  5:02  Stalker x2  
  40  5:16  Gateway  
  38  5:38  Stalker x3  
  42  5:50  Stalker  
  40  6:10  Stalker  
  40  6:11  Stalker  
  34  6:20  Stalker  
  28  6:35  Zealot  
  28  6:36  Zealot x2  
  27  6:51  Stalker  
  27  6:52  Zealot  

Tags
 
Add a new tag
Caveats
  • Supply blocks, unpowered buildings, or Contaminate may cause inaccurate times.
  • Supply counts are checked every 10 seconds.